 Dungeon Crawl Stone Soup version 0.30-a0-782-ge64f9170bb (webtiles) character file.

Game seed: 3667201310433488408

321691 hikkokomori the Devastator (level 21, -1/127 HPs)
             Began as a Gargoyle Earth Elementalist on Feb 17, 2023.
             Was the Champion of Vehumet.
             Killed from afar by a tengu reaver (56 damage)
             ... with a bolt of acid
             ... led by Sojobo
             ... on level 4 of the Vaults on Feb 18, 2023.
             The game lasted 03:40:33 (47544 turns).

hikkokomori the Devastator (GrEE)                  Turns: 47544, Time: 03:40:33

Health: -1/127     AC: 40    Str: 20    XL:     21   Next: 53%
Magic:  35/39      EV: 18    Int: 27    God:    Vehumet [******]
Gold:   2747       SH: 17    Dex:  9    Spells: 2/49 levels left

rFire   . . .      SeeInvis .    y - +8 double sword (chaos)
rCold   + . .      Faith    .    f - +5 kite shield {reflect}
rNeg    + . .      Spirit   .    G - +5 steam dragon scales
rPois   ∞          Reflect  +    Y - +2 helmet {Int+3}
rElec   +          Harm     .    D - +2 cloak
rCorr   .          Rampage  +    g - +2 pair of gloves
Will    +....                    B - +2 pair of boots {rampage}
Stlth   +++++                    R - amulet of Okawaru, Usurping {RegenMP Int+3}
HPRegen 0.41/turn                K - +5 ring of evasion
MPRegen 0.66/turn                Q - ring "Raimos" {rC+ Str+4 Dex-3}

@: about to teleport, flying
A: sickness immunity, AC +16, big wings, negative energy resistance 1,
electricity resistance, torment resistance 1, petrification resistance
}: 2/15 runes: barnacled, gossamer
a: Renounce Religion


You were on level 4 of the Vaults.
You worshipped Vehumet.
Vehumet was exalted by your worship.
You visited 8 branches of the dungeon, and saw 37 of its levels.
You also visited: Gauntlet.

You collected 3620 gold pieces.
You spent 873 gold pieces at shops.

Inventory:

Hand Weapons
 u - the +8 trishula "Condemnation" {holy, anguish, *Noise Fly rN+}
   (You found it on level 4 of the Spider Nest)

   rN:        It protects you from negative energy.
   Fly:       It grants you flight.
   *Noise:    It may make noises in combat.
 y - a +8 double sword of chaos (weapon)
 E - the +11 falchion "Tytetomm" {spect, Fly rElec rC- rCorr}
   (You found it on level 10 of the Dungeon)

   rC:        It makes you vulnerable to cold.
   rElec:     It insulates you from electricity.
   Fly:       It grants you flight.
   rCorr:     It protects you from acid and corrosion.
 H - the +7 Throatcutter {drain, coup de grace}
   (You found it on level 8 of the Dungeon)
 M - the +11 shortbow "Plog" {speed, rPois rF+ rC-}
   (You found it on level 2 of the Elven Halls)

   rF:        It protects you from fire.
   rC:        It makes you vulnerable to cold.
   rPois:     It protects you from poison.
 S - a +0 hand crossbow
Armour
 f - a +5 kite shield of reflection (worn)
 g - a +2 pair of gloves (worn)
 B - a +2 pair of boots of rampaging (worn)
 D - a +2 cloak (worn)
 G - +5 steam dragon scales (worn)
 Y - a +2 helmet of intelligence (worn)
Jewellery
 d - a ring of fire
 k - a ring of wizardry
 A - a ring of see invisible
 J - a +4 ring of protection
 K - a +5 ring of evasion (left hand)
 P - a ring of ice
 Q - the ring "Raimos" (right hand) {rC+ Str+4 Dex-3}
   (You found it in a Gauntlet)

   [ring of protection from cold]

   Str:       It affects your strength (+4).
   Dex:       It affects your dexterity (-3).
   rC:        It protects you from cold.
 R - the amulet of Okawaru, Usurping (around neck) {RegenMP Int+3}
   (You found it on level 3 of the Spider Nest)

   [amulet of magic regeneration]

   It increases your rate of magic regeneration.
   Int:       It affects your intelligence (+3).
 T - a ring of positive energy
Wands
 w - a wand of flame (97)
 C - a wand of iceblast (11)
 N - a wand of digging (14)
 V - a wand of charming (15)
 W - a wand of polymorph (3)
Scrolls
 h - 3 scrolls of silence
 i - 6 scrolls of poison
 m - 5 scrolls of fog
 n - 2 scrolls of butterflies
 q - 2 scrolls of amnesia
 r - 2 scrolls of fear
 s - 2 scrolls of blinking
 x - a scroll of magic mapping
 F - a scroll of acquirement
 L - 6 scrolls of teleportation
 O - 2 scrolls of torment
 Z - a scroll of enchant armour
Potions
 a - 6 potions of ambrosia
 b - 3 potions of magic
 c - 2 potions of berserk rage
 e - 13 potions of curing
 l - 5 potions of heal wounds
 o - a potion of invisibility
 p - 9 potions of mutation
 t - 2 potions of resistance
 v - 7 potions of brilliance
 z - 11 potions of haste
 I - 8 potions of might
 U - 6 potions of attraction
 X - a potion of cancellation
Miscellaneous
 j - a box of beasts


   Skills:
 - Level 12.0 Fighting
 - Level 12.4 Long Blades
 - Level 6.8 Armour
 - Level 7.3 Dodging
 - Level 12.0 Stealth
 + Level 14.5 Shields
 + Level 14.8 Spellcasting
 + Level 16.9 Conjurations
 - Level 10.0 Summonings
 - Level 6.4 Necromancy
 - Level 0.7 Transmutations
 - Level 7.1 Fire Magic
 - Level 4.7 Ice Magic
 - Level 2.2 Air Magic
 + Level 14.1 Earth Magic


You had 2 spell levels left.
You knew the following spells:

 Your Spells              Type           Power      Damage    Failure   Level
a - Lehudib's Crystal Sp  Conj/Erth      40%        10d10     13%         8
c - Stone Arrow           Conj/Erth      100%       3d13      0%          3
d - Freezing Cloud        Conj/Ice/Air   29%        6-21      1%          5
e - Ozocubu's Armour      Ice            45%        N/A       1%          3
f - Animate Dead          Necr           53%        N/A       3%          4
g - Spellforged Servitor  Conj/Summ      37%        N/A       4%          7
h - Borgnjor's Vile Clut  Necr/Erth      33%        N/A       1%          5
i - Orb of Destruction    Conj           42%        9d12      1%          7
j - Fireball              Conj/Fire      35%        3d15      1%          5

Your spell library contained the following spells:

 Spells                   Type           Power      Damage    Failure   Level
 Maxwell's Capacitive Co  Air            16%        ∞         100%        8
 Polar Vortex             Ice            22%        N/A       100%        9
 Sandblast                Erth           100%       2d20      0%          1
 Searing Ray              Conj           100%       2d8       0%          2
 Kiss of Death            Conj/Necr      100%       2d13      1%          1
 Necrotise                Necr           100%       1d9       1%          1
 Summon Small Mammal      Summ           100%       N/A       1%          1
 Passwall                 Tmut/Erth      47%        N/A       1%          2
 Static Discharge         Conj/Air       100%       2-7/arc   1%          2
 Apportation              Tloc           40%        N/A       4%          1
 Slow                     Hex            80%        N/A       4%          1
 Blink                    Tloc           40%        N/A       7%          2
 Lesser Beckoning         Tloc           40%        N/A       7%          2
 Inner Flame              Hex/Fire       39%        N/A       1%          3
 Vampiric Draining        Necr           53%        2d9       1%          3
 Flame Wave               Conj/Fire      71%        2d16      1%          4
 Sticky Flame             Conj/Fire      71%        2d8       1%          4
 Arcjolt                  Conj/Air       32%        1d42      1%          5
 Iskenderun's Battlesphe  Conj           84%        2d13      1%          5
 Lee's Rapid Deconstruct  Erth           38%        3d19*     1%          5
 Lightning Bolt           Conj/Air       32%        1d49      1%          5
 Leda's Liquefaction      Hex/Erth       27%        N/A       2%          4
 Petrify                  Tmut/Erth      57%        N/A       2%          4
 Dispel Undead            Necr           53%        3d19      3%          4
 Conjure Ball Lightning   Conj/Air       32%        3x3d10    4%          6
 Vhi's Electric Charge    Tloc/Air       52%        N/A       9%          3
 Agony                    Necr           53%        N/A       10%         5
 Confusing Touch          Hex            20%        N/A       14%         3
 Gell's Gravitas          Tloc           20%        N/A       14%         3
 Teleport Other           Tloc           20%        N/A       14%         3
 Yara's Violent Unravell  Hex/Tmut       11%        3d6       28%         5
 Cause Fear               Hex            10%        N/A       43%         4
 Manifold Assault         Tloc           20%        N/A       43%         4
 Death Channel            Necr           26%        N/A       45%         6
 Ozocubu's Refrigeration  Ice            22%        4d12      78%         7
 Dispersal                Tloc           10%        N/A       100%        6
 Enfeeble                 Hex            10%        N/A       100%        7
 Storm Form               Tmut/Air       14%        N/A       100%        7
 Discord                  Hex            10%        N/A       100%        8
 Disjunction              Tloc           10%        N/A       100%        8
 Statue Form              Tmut/Erth      Unusable   N/A       N/A         6

Dungeon Overview and Level Annotations

Branches:
Dungeon (15/15)            Temple (0/1) D:5            Lair (5/5) D:10
 Shoals (4/4) Lair:2       Spider (4/4) Lair:2        Slime (0/5) Lair:4
    Orc (2/2) D:9             Elf (2/3) Orc:2        Vaults (4/5) D:14
 Depths (1/4) D:15        Gauntlet (visited)
  Crypt: Vaults:2-3

Altars:
Ashenzari
Dithmenos
Elyvilon
Fedhas
Gozag
Hepliaklqana
Kikubaaqudgha
Makhleb
Nemelex Xobeh
Okawaru
Ru
Sif Muna
Vehumet
Yredelemnul
The Shining One
Jiyva

Shops:
D:11 !   D:13 (   D:14 [   D:15 [   Orc:2 :[*(   Elf:2 (=   Vaults:1 [
Vaults:3 !   Vaults:4 :(

Portals:
Trove: D:11 (give 2 scrolls of acquirement)

Annotations:
D:6 3 runed translucent doors, BigDaddyOpFi's ghost, novice MeEE
Spider:1 Aizul


Innate Abilities, Weirdness & Mutations

You are immune to sickness and miasma.
Your stone body is resilient. (AC +16)
You are immune to poison.
Your large and strong wings let you fly.
You resist negative energy. (rN+)
You are resistant to electric shocks. (rElec)
You are resistant to unholy torment.
You are immune to petrification.


Message History

Your deep troll zombie barely misses the tengu reaver.
Your deep troll zombie claws the tengu reaver but does no damage. x2
Things that are here:
a +0 flail; a +0 scale mail; a +0 ring mail
Casting: Borgnjor's Vile Clutch (mildly dangerous; 1% risk of failure)
Confirm with . or Enter, or press ? or * to list all spells.
Aiming: Borgnjor's Vile Clutch (mildly dangerous; 1% risk of failure)
Press: ? - help, Shift-Dir - straight line, f - wizard
Aim: a wizard, wielding a +0 dagger and wearing a +0 robe (100% to hit)
Zombie hands grab the ironbound preserver.
Zombie hands grab the vault warden.
Zombie hands grab the ironbound convoker.
Zombie hands grab the vault warden.
Zombie hands grab the wizard.
The zombie hands constrict the ironbound preserver!
The zombie hands constrict the vault warden. x2
The zombie hands constrict the ironbound convoker.
The zombie hands constrict the wizard.
Something hits your ironbound convoker zombie!
The tengu reaver points at you and mumbles some strange words.
The bolt of cold hits your deep troll zombie.
Your deep troll zombie resists.
The bolt of cold hits you! You resist.
The deep elf demonologist hits your ironbound convoker zombie with a +0 short sword!
The ironbound convoker casts a spell at the vault warden.
The vault warden seems to grow stronger.
You block the ironbound preserver's attack.
As you read the scroll of teleportation, it crumbles to dust.
You feel strangely unstable.
The zombie hands constrict the ironbound preserver.
The zombie hands constrict the vault warden. x2
The zombie hands constrict the ironbound convoker!
You kill the ironbound convoker!
Vehumet accepts your kill.
The zombie hands constrict the wizard!
The tengu reaver points at you and mumbles some strange words.
The bolt of acid hits your deep troll zombie!!
Your deep troll zombie seems to be corroded for longer.
Your deep troll zombie is destroyed!
The bolt of acid hits you!!!
You die...

#..(<..# #......#
#### #......# #p..#
#....Z.# #.#p# # .
#....Z.# #p#p# #..
####'####p#)# #.#.
#......#Q#p# #...
#....Z.#.p#
#...#####.....Z+@#3#
#...'...#......##Z#.#
+...'.#.#......#
#e#.# ####)..'......#
#1#4# #......#......#
#.>.# #....#.#......#
#### #......########
####...# #...#


You could see an ironbound preserver (clutched), a Brimstone Fiend (summoned), 2
vault wardens, a tengu reaver, a vault guard (strong), a deep elf demonologist
(ally target), a wizard (clutched) and a friendly ironbound convoker zombie.

Vanquished Creatures
  Nikola (Spider:1)
  2 sphinxes
  Kirke (Shoals:4)
  6 vault wardens
  3 emperor scorpions
  2 ghost moths (Spider:2)
  The ghost of Beavis the Destroyer, a journeyman DsHu of Vehumet (D:15)
  2 orc warlords
  2 very ugly things (Vaults:2)
  A stone giant (D:15)
  6 ironbound preservers
  9 broodmothers
  5 ironbound thunderhulks
  A deep elf demonologist (Elf:2)
  Nessos (D:14)
  A minotaur (Gauntlet)
  3 dire elephants
  5 spark wasps
  A crystal guardian (Vaults:4)
  3 ettins
  4 merfolk impalers
  A deep elf death mage (Elf:2)
  Snorg (D:14)
  A merfolk javelineer (Shoals:4)
  4 entropy weavers
  2 great orbs of eyes
  Josephine (Spider:1)
  A spectral golden dragon (D:15)
  7 yaktaur captains
  An ice dragon (D:14)
  A deep elf high priest (Elf:2)
  4 hydras
  4 catoblepae
  3 vault guards
  A merfolk avatar (Shoals:1)
  2 radroaches
  A peacekeeper (Vaults:4)
  4 boulder beetles
  4 jorogumos
  8 two-headed ogres
  23 dancing weapons
  15 centaur warriors
  6 ironbound frosthearts
  An alligator snapping turtle (Shoals:4)
  5 merfolk aquamancers
  7 satyrs
  A spectral stone giant (D:15)
  9 death yaks
  5 orc high priests
  16 deep elf knights
  A wretched star (Gauntlet)
  A fire crab (Gauntlet)
  7 pharaoh ants
  A spark wasp zombie (D:15)
  7 sea snakes
  4 skysharks
  28 deep trolls
  11 orb spiders
  2 lindwurms (Vaults:2)
  9 deep elf archers
  18 deep elf zephyrmancers
  2 tengu zombies (D:15)
  A glowing orange brain (Vaults:3)
  21 deep elf pyromancers
  6 steelbarb worms
  5 ironbound convokers
  7 orc knights
  3 wizards (Vaults:1)
  15 harpies
  A necromancer (Vaults:3)
  A golden dragon skeleton (Vaults:3)
  An oklob plant (D:8)
  3 orc sorcerers
  2 sphinx zombies
  18 wolf spiders
  24 fauns
  11 ugly things
  6 cyclopes
  12 manticores
  2 moths of wrath (Spider:4)
  12 merfolk sirens
  14 slime creatures
  2 centaur zombies (D:13)
  10 elephants
  5 water nymphs
  5 gargoyles
  4 demonic crawlers
  A cane toad (shapeshifter) (D:13)
  2 torpor snails (Lair:5)
  13 vault sentinels
  A torpor snail (shapeshifter) (Elf:1)
  A nameless horror (Shoals:2)
  2 kobold demonologists (D:10)
  10 cane toads
  An unseen horror (D:12)
  7 komodo dragons
  8 yaktaurs
  A queen bee (shapeshifter) (D:15)
  30 merfolk
  A meliai (Spider:4)
  5 polar bears (Lair:5)
  21 tarantellas
  8 trolls
  7 hornets
  An ettin zombie (Vaults:3)
  A jumping spider zombie (Spider:1)
  5 wind drakes
  2 culicivora zombies (Spider:3)
  A sphinx simulacrum (D:15)
  7 dream sheep
  4 snapping turtles
  28 jumping spiders
  13 spriggans
  41 yaks
  5 wraiths
  23 culicivoras
  2 vampires
  20 water elementals
  7 wyverns
  2 fire elementals
  6 basilisks
  6 fire bats (Gauntlet)
  21 vampire mosquitoes
  58 redbacks
  Menkaure (D:6)
  A steam dragon (D:8)
  3 wargs (Orc:1)
  A human simulacrum (Vaults:3)
  6 water moccasins
  A merfolk zombie (Shoals:1)
  3 hell hounds (Gauntlet)
  A sky beast (D:8)
  A hornet zombie (D:9)
  2 spriggan simulacra (D:15)
  4 black bears
  An elephant zombie (Lair:5)
  23 orc warriors
  An elf zombie (Elf:1)
  2 ice beasts
  A manticore zombie (Shoals:4)
  8 ogres
  A small abomination (Gauntlet)
  6 boggarts
  7 centaurs
  21 wolves
  6 kobold brigands
  3 earth elementals
  6 bullfrogs
  A human zombie (Vaults:2)
  3 scorpions
  A necrophage (D:5)
  2 gnoll sergeants
  3 wights (D:6)
  14 killer bees (D:9)
  A howler monkey (D:11)
  2 electric eels (Lair:3)
  2 jellies
  A kobold zombie (D:10)
  2 gnoll boudas
  18 orc priests
  4 hounds
  4 iguanas
  29 orc wizards
  25 gnolls
  9 adders
  2 shadow imps (D:6)
  A white imp (D:6)
  An ufetubus (D:5)
  3 worms
  A dart slug (D:4)
  54 orcs
  13 ball pythons
  10 endoplasms
  3 giant cockroaches
  12 goblins
  3 hobgoblins
  5 quokkas
  3 bats
  4 frilled lizards
  15 kobolds
  10 rats
  A bush (D:8)
1225 creatures vanquished.

Vanquished Creatures (collateral kills)
  Asterion (Vaults:1)
  Polyphemus (Shoals:3)
  2 sphinxes (Vaults:2)
  Donald (Shoals:3)
  A vault warden (Vaults:1)
  An emperor scorpion (Spider:3)
  An orc warlord (Vaults:2)
  An ironbound thunderhulk (Vaults:1)
  8 ironbound preservers
  5 dire elephants
  2 merfolk javelineers
  6 dancing weapons
  2 ironbound frosthearts
  A two-headed ogre (D:10)
  A satyr (Shoals:3)
  A boulder beetle (Vaults:2)
  3 death yaks (Shoals:3)
  2 nameless horrors
  3 deep elf knights
  2 sea snakes
  11 deep trolls
  3 orb spiders
  4 ironbound convokers (Vaults:1)
  A wolf spider (Spider:3)
  2 lindwurms (Vaults:1)
  A harpy (Vaults:1)
  4 deep elf pyromancers
  2 orc knights (Vaults:3)
  2 deep elf zephyrmancers
  A cyclops (Shoals:1)
  4 fauns
  4 manticores
  A moth of wrath (Spider:2)
  An ugly thing (Vaults:1)
  7 water nymphs
  A torpor snail (Lair:2)
  3 vault sentinels
  2 merfolk sirens (Shoals:2)
  A demonic crawler (Spider:2)
  A human zombie (Vaults:3)
  A rime drake (shapeshifter) (Elf:1)
  3 yaktaurs
  8 merfolk
  A harpy zombie (Vaults:1)
  A polar bear (Lair:5)
  A hornet (D:9)
  2 wind drakes
  3 dream sheep (Shoals:1)
  7 slime creatures
  A spriggan (Lair:5)
  2 water elementals
  3 culicivoras
  7 jumping spiders
  A wyvern (Lair:3)
  A basilisk (Shoals:2)
  A slime creature zombie (Vaults:2)
  11 yaks
  A yak (shapeshifter) (Elf:1)
  4 redbacks
  An ogre skeleton (Vaults:3)
  An orc warrior (D:9)
  A black bear (Lair:5)
  A wolf (Lair:5)
  3 bullfrogs
  An earth elemental (Elf:1)
  A killer bee (D:9)
  A human simulacrum (Vaults:3)
  An orc priest (Orc:2)
  8 orcs
  2 kobolds (D:10)
181 creatures vanquished.

Vanquished Creatures (others)
  A deep elf knight (Elf:2)
  2 broodmother zombies (Spider:1)
  2 deep elf zephyrmancers (Elf:1)
  A manticore (Shoals:4)
  A faun (Shoals:4)
  5 merfolk zombies
  3 orb spider zombies
  4 redback zombies (Spider:2)
  2 demonic crawler zombies (Spider:2)
  A merfolk (Shoals:3)
  A nameless horror (Shoals:3)
  An ettin zombie (Vaults:3)
  A culicivora zombie (Spider:4)
  2 jumping spider zombies (Spider:1)
  A tarantella zombie (Spider:3)
  3 satyr zombies (Shoals:4)
  A great orb of eyes zombie (Vaults:3)
  3 slime creature zombies (Vaults:2)
  A wind drake zombie (Shoals:4)
  3 humans (Shoals:4)
  3 elf zombies
  A cane toad zombie (Lair:5)
  3 faun zombies
  15 deep troll zombies
  A water nymph zombie (Shoals:4)
  An elephant zombie (Lair:5)
  A manticore zombie (Shoals:4)
  A hornet zombie (Lair:5)
  9 human zombies
  A water moccasin zombie (Lair:5)
  2 polar bear zombies (Lair:5)
  5 yak zombies
  2 spriggan zombies (Lair:5)
  8 wolf zombies
  A black bear zombie (Lair:5)
  A basilisk zombie (Lair:5)
  2 killer bee zombies (D:9)
  2 ogre zombies
  6 kobold zombies (D:10)
  A gnoll zombie (D:10)
  27 orc zombies
  13 fungi
  205 plants
  A withered plant (Shoals:2)
351 creatures vanquished.

Grand Total: 1757 creatures vanquished

Notes
Turn   | Place    | Note
-------+----------+-------------------------------------------
     0 | D:1      | hikkokomori the Gargoyle Earth Elementalist began the quest
                  | for the Orb.
     0 | D:1      | Reached XP level 1. HP: 10/10 MP: 3/3
   265 | D:1      | Reached XP level 2. HP: 16/16 MP: 1/5
   589 | D:1      | Found a faded altar of an unknown god.
   620 | D:1      | Reached skill level 1 in Fighting
   620 | D:1      | Prayed at the altar of an unknown god.
   620 | D:1      | Became a worshipper of Vehumet
   620 | D:1      | Reached * piety under Vehumet
   620 | D:1      | Offered knowledge of Kiss of Death by Vehumet.
   623 | D:1      | Learned a level 1 spell: Kiss of Death
  1173 | D:2      | Reached XP level 3. HP: 20/20 MP: 4/6
  1214 | D:1      | Reached skill level 1 in Conjurations
  1291 | D:2      | Found a hazy altar of Hepliaklqana.
  1349 | D:2      | Learned a level 3 spell: Stone Arrow
  1394 | D:2      | Reached XP level 4. HP: 25/25 MP: 7/7
  2167 | D:3      | Offered knowledge of Poisonous Vapours by Vehumet.
  2272 | D:3      | Reached ** piety under Vehumet
  2555 | D:3      | Found a radiant altar of Vehumet.
  2723 | D:3      | Reached XP level 5. HP: 30/30 MP: 5/8
  2874 | D:4      | Found an opulent altar of Gozag.
  2903 | D:4      | Reached skill level 2 in Conjurations
  2929 | D:4      | Found an ancient bone altar of Kikubaaqudgha.
  3028 | D:4      | Found a shadowy altar of Dithmenos.
  3076 | D:4      | Reached XP level 6. HP: 33/36 MP: 2/9
  3240 | D:4      | Found a shimmering blue altar of Sif Muna.
  3279 | D:4      | Offered knowledge of Inner Flame by Vehumet.
  3284 | D:4      | Learned a level 3 spell: Inner Flame
  3291 | D:4      | Found a sparkling altar of Nemelex Xobeh.
  3387 | D:5      | Entered Level 5 of the Dungeon
  3391 | D:5      | Reached skill level 5 in Earth Magic
  3409 | D:5      | Noticed an ice beast
  3418 | D:5      | Killed an ice beast
  3489 | D:5      | Noticed a water moccasin
  3502 | D:5      | Killed a water moccasin
  3503 | D:5      | Reached skill level 3 in Conjurations
  3503 | D:5      | Reached skill level 1 in Fire Magic
  3503 | D:5      | Reached XP level 7. HP: 38/41 MP: 5/10
  3643 | D:5      | Reached *** piety under Vehumet
  3866 | D:5      | Reached skill level 5 in Stealth
  4116 | D:5      | Found a staircase to the Ecumenical Temple.
  4205 | D:5      | Reached skill level 4 in Conjurations
  4404 | D:5      | Reached XP level 8. HP: 48/48 MP: 11/11
  4645 | D:6      | Offered knowledge of Hailstorm by Vehumet.
  4702 | D:6      | Found a runed translucent gate.
  4702 | D:6      | Found a runed translucent gate.
  4702 | D:6      | Found a runed translucent gate.
  4703 | D:6      | Noticed a kobold demonologist
  4705 | D:6      | Noticed BigDaddyOpFi's ghost (novice MeEE)
  4775 | D:6      | Noticed Menkaure
  4808 | D:6      | Killed Menkaure
  5055 | D:6      | Reached skill level 5 in Fighting
  5061 | D:6      | Reached skill level 5 in Conjurations
  5450 | D:7      | Found a broken altar of Ashenzari.
  5593 | D:7      | Learned a level 3 spell: Ozocubu's Armour
  5693 | D:7      | Reached XP level 9. HP: 42/51 MP: 11/14
  5813 | D:7      | Learned a level 4 spell: Animate Dead
  5834 | D:7      | Reached skill level 1 in Shields
  5834 | D:7      | Reached skill level 1 in Necromancy
  5837 | D:7      | Reached skill level 1 in Ice Magic
  6013 | D:8      | Found a white marble altar of Elyvilon.
  6040 | D:8      | Found a blossoming altar of Fedhas.
  6054 | D:8      | Noticed an oklob plant
  6071 | D:8      | Killed an oklob plant
  6357 | D:8      | Reached **** piety under Vehumet
  6639 | D:8      | Found the +7 Throatcutter {drain, coup de grace}
  6642 | D:8      | Found an iron altar of Okawaru.
  7042 | D:9      | Reached XP level 10. HP: 61/61 MP: 15/15
  7047 | D:9      | Reached skill level 1 in Long Blades
  7276 | D:9      | Offered knowledge of Mephitic Cloud by Vehumet.
  7359 | D:9      | Found a staircase to the Orcish Mines.
  7749 | D:9      | Reached skill level 5 in Shields
  8071 | D:10     | Entered Level 10 of the Dungeon
  8091 | D:10     | Found a sacrificial altar of Ru.
  8130 | D:10     | Identified the +11 falchion "Tytetomm" {spect, Fly rElec
                  | rC- rCorr}
  8153 | D:10     | Noticed a kobold demonologist
  8153 | D:10     | Noticed a kobold demonologist
  8155 | D:10     | Killed a kobold demonologist
  8156 | D:10     | Killed a kobold demonologist
  8286 | D:10     | Noticed a two-headed ogre
  8293 | D:10     | Killed a two-headed ogre
  8294 | D:10     | Reached skill level 5 in Spellcasting
  8294 | D:10     | Reached XP level 11. HP: 30/67 MP: 18/18
  8575 | D:10     | Reached skill level 5 in Necromancy
  8580 | D:10     | Reached ***** piety under Vehumet
  8621 | D:10     | Offered knowledge of Fireball by Vehumet.
  8634 | D:10     | Learned a level 5 spell: Fireball
  8778 | D:10     | Found a staircase to the Lair.
  8794 | Lair:1   | Entered Level 1 of the Lair of Beasts
  9060 | Lair:1   | Identified the +2 cloak of the Midnight Sun {-Cast rPois
                  | rF- Str+5}
  9606 | Lair:2   | Upgraded the game from 0.30-a0-778-g2ef04afb54 to
                  | 0.30-a0-779-g7971cf19c3
  9720 | Lair:2   | Reached skill level 5 in Long Blades
  9733 | Lair:2   | Reached skill level 6 in Conjurations
  9889 | Lair:2   | Found a staircase to the Shoals.
 10525 | Lair:2   | Found a hole to the Spider Nest.
 10760 | Lair:3   | Reached XP level 12. HP: 71/75 MP: 8/21
 10797 | Lair:3   | Reached skill level 5 in Fire Magic
 11714 | Lair:3   | Identified the +2 leather armour of the Slorg {rF+ Str-3
                  | Int+5}
 11915 | Lair:4   | Learned a level 5 spell: Borgnjor's Vile Clutch
 12024 | Lair:4   | You fall into a shaft and drop 1 floor!
 12024 | Lair:5   | Entered Level 5 of the Lair of Beasts
 12052 | Lair:5   | Found a gate leading to a gauntlet.
 12069 | Lair:5   | Noticed a death yak
 12070 | Lair:5   | Noticed a death yak
 12074 | Gauntlet | Entered a Gauntlet
 12074 | Gauntlet | Found a transporter.
 12074 | Gauntlet | Found a transporter.
 12143 | Gauntlet | Found a transporter.
 12163 | Gauntlet | Found a transporter.
 12163 | Gauntlet | Found a transporter.
 12202 | Gauntlet | Found a transporter.
 12202 | Gauntlet | Noticed a catoblepas
 12215 | Gauntlet | Found a transporter.
 12237 | Gauntlet | Found a transporter.
 12237 | Gauntlet | Found the +8 whip "Snakebite" {venom, curare, rPois}
 12240 | Gauntlet | Found a transporter.
 12240 | Gauntlet | Found a transporter.
 12244 | Gauntlet | Noticed a quicksilver ooze
 12258 | Gauntlet | Found a transporter.
 12274 | Gauntlet | Found a transporter.
 12277 | Gauntlet | Noticed a wretched star
 12283 | Gauntlet | Found a runed translucent door.
 12284 | Gauntlet | Found a transporter.
 12285 | Gauntlet | Found a runed translucent door.
 12299 | Gauntlet | Found a transporter.
 12413 | Gauntlet | Killed a catoblepas
 12416 | Gauntlet | Identified the ring "Raimos" {rC+ Str+4 Dex-3}
 12564 | Gauntlet | Offered knowledge of Fulminant Prism by Vehumet.
 12570 | Gauntlet | Reached XP level 13. HP: 46/81 MP: 22/24
 12851 | Gauntlet | Identified the +2 helmet of Failure {-Cast Rampage *Slow
                  | Dex+8}
 12940 | Gauntlet | Identified the +11 war axe "Uxegh" {freeze, Str+2}
 12940 | Gauntlet | Noticed a minotaur
 13188 | Gauntlet | Killed a minotaur
 13189 | Gauntlet | Reached skill level 10 in Fighting
 13250 | Gauntlet | Identified the +5 long sword "Miz Ucu" {freeze, +Blink}
 13829 | Lair:4   | Found a staircase to the Slime Pits.
 13830 | Lair:4   | Found a viscous altar of Jiyva.
 13989 | Lair:4   | Reached skill level 1 in Armour
 14874 | Lair:5   | Reached skill level 7 in Conjurations
 14886 | Lair:5   | Offered knowledge of Iskenderun's Battlesphere by Vehumet.
 14977 | Lair:5   | Reached skill level 10 in Earth Magic
 15027 | Lair:5   | Gained mutation: Your large and strong wings let you fly.
                  | [Gargoyle growth]
 15027 | Lair:5   | Reached XP level 14. HP: 76/88 MP: 26/26
 15645 | Lair:4   | Reached skill level 5 in Armour
 16381 | Orc:1    | Entered Level 1 of the Orcish Mines
 16779 | Orc:2    | Entered Level 2 of the Orcish Mines
 16779 | Orc:2    | Found a staircase to the Elven Halls.
 16791 | Orc:1    | Reached skill level 5 in Dodging
 17195 | Orc:1    | Offered knowledge of Freezing Cloud by Vehumet.
 17213 | Orc:1    | Learned a level 5 spell: Freezing Cloud
 17441 | Orc:2    | Noticed an orc warlord
 17650 | Orc:2    | Killed an orc warlord
 17651 | Orc:2    | Reached skill level 8 in Conjurations
 17913 | Orc:2    | Found a burning altar of Makhleb.
 18015 | Orc:2    | Reached skill level 1 in Air Magic
 18504 | Orc:2    | Found Ypsuript's Weapon Shoppe.
 18504 | Orc:2    | Found Wiehifre's Book Emporium.
 18504 | Orc:2    | Found Alaptuuwk's Armour Emporium.
 18507 | Orc:2    | Found Wupiohu's Assorted Antiques.
 18535 | Orc:2    | Bought a pair of embroidered gloves for 225 gold pieces
 18535 | Orc:2    | Bought a scroll of teleportation for 90 gold pieces
 18535 | Orc:2    | Bought a scroll of identify for 60 gold pieces
 18535 | Orc:2    | Bought a scroll of identify for 60 gold pieces
 18822 | Orc:2    | Identified a scroll of acquirement
 19048 | D:11     | Found a portal to a secret trove of treasure.
 19090 | D:11     | Found a glowing golden altar of the Shining One.
 19172 | D:11     | Found Ytamutze's Distillery.
 19180 | D:11     | Bought a potion of ambrosia for 112 gold pieces
 19180 | D:11     | Bought a potion of curing for 42 gold pieces
 19180 | D:11     | Bought a potion of resistance for 140 gold pieces
 19789 | D:12     | Offered knowledge of Orb of Destruction by Vehumet.
 19878 | D:12     | Reached skill level 10 in Long Blades
 20159 | D:12     | Reached XP level 15. HP: 92/92 MP: 27/27
 20965 | D:13     | Found Woisk's Weapon Shop.
 21321 | D:13     | Found a basalt altar of Yredelemnul.
 21755 | D:14     | Reached skill level 10 in Spellcasting
 21909 | D:14     | Noticed Snorg
 21921 | D:14     | Killed Snorg
 21973 | D:14     | Noticed Nessos
 21982 | D:14     | Killed Nessos
 22086 | D:14     | Identified the +11 war axe of Fortitude {drain, +Blink
                  | rElec}
 22126 | D:14     | Found Astiem's Superior Scales.
 22377 | D:14     | Found a gate to the Vaults.
 22815 | D:14     | Learned a level 7 spell: Orb of Destruction
 22869 | D:15     | Entered Level 15 of the Dungeon
 22877 | D:15     | Found a staircase to the Depths.
 23312 | D:15     | Found a runed translucent gate.
 23314 | D:15     | Found a runed translucent gate.
 23314 | D:15     | Found a runed translucent gate.
 23319 | D:15     | Noticed Beavis's ghost (journeyman DsHu)
 23409 | D:15     | Found Plog's Armour Shoppe.
 23416 | D:15     | Reached skill level 9 in Conjurations
 23563 | D:15     | HP: 4/93 [spriggan air mage simulacrum (61)]
 23962 | D:15     | Killed Beavis's ghost
 24641 | Spider:1 | Entered Level 1 of the Spider Nest
 24649 | Spider:1 | Noticed an emperor scorpion
 24668 | Lair:2   | Killed an emperor scorpion
 25035 | Spider:1 | Reached XP level 16. HP: 99/99 MP: 26/31
 25144 | Spider:1 | Offered knowledge of Spellforged Servitor by Vehumet.
 25244 | Spider:1 | Noticed Josephine
 25249 | Spider:1 | Killed Josephine
 25596 | Spider:1 | Reached skill level 10 in Conjurations
 26319 | Spider:1 | Noticed Nikola
 26327 | Spider:1 | Killed Nikola
 26995 | Spider:1 | Noticed Aizul
 27457 | Spider:2 | Learned a level 7 spell: Spellforged Servitor
 27545 | Spider:2 | Reached skill level 1 in Summonings
 27587 | Spider:2 | Reached skill level 11 in Conjurations
 28461 | Spider:2 | Got the Anthology of the Fulgent Quarry
 28618 | Spider:3 | Reached ****** piety under Vehumet
 28807 | Spider:3 | Offered knowledge of Ignition by Vehumet.
 28995 | Spider:3 | Reached XP level 17. HP: 87/106 MP: 14/32
 29222 | Spider:3 | Identified the amulet of Okawaru, Usurping {RegenMP Int+3}
 29418 | Spider:4 | Entered Level 4 of the Spider Nest
 30160 | Spider:4 | Reached skill level 10 in Stealth
 30160 | Spider:4 | Reached skill level 12 in Conjurations
 31188 | Spider:4 | Got a gossamer rune of Zot
 31322 | Spider:4 | Found the +8 trishula "Condemnation" {holy, anguish, *Noise
                  | Fly rN+}
 31459 | Spider:4 | Reached skill level 5 in Summonings
 31725 | Shoals:1 | Entered Level 1 of the Shoals
 31961 | Shoals:1 | Offered knowledge of Lehudib's Crystal Spear by Vehumet.
 31961 | Shoals:1 | Offered knowledge of Polar Vortex by Vehumet.
 31961 | Shoals:1 | Offered knowledge of Maxwell's Capacitive Coupling by
                  | Vehumet.
 33377 | Shoals:2 | Reached skill level 13 in Conjurations
 33526 | Shoals:2 | Reached XP level 18. HP: 112/112 MP: 19/33
 34632 | Shoals:2 | Learned a level 5 spell: Fireball
 34722 | Shoals:3 | Noticed Donald
 34824 | Shoals:3 | Killed Donald
 35517 | Shoals:3 | Noticed Polyphemus
 35523 | Shoals:3 | Killed Polyphemus
 35866 | Shoals:3 | Found a burning altar of Makhleb.
 36214 | Shoals:4 | Entered Level 4 of the Shoals
 36217 | Shoals:3 | Upgraded the game from 0.30-a0-779-g7971cf19c3 to
                  | 0.30-a0-782-ge64f9170bb
 36541 | Shoals:4 | Got a barnacled rune of Zot
 36723 | Shoals:4 | Reached skill level 14 in Conjurations
 37023 | Shoals:4 | Noticed Kirke
 37028 | Shoals:4 | Killed Kirke
 37799 | Vaults:1 | Entered Level 1 of the Vaults
 37848 | Vaults:1 | Reached XP level 19. HP: 103/116 MP: 20/35
 38055 | Vaults:1 | Noticed Asterion
 38070 | Vaults:1 | Killed Asterion
 38398 | Vaults:1 | Found Qidiusaq's Armour Emporium.
 38552 | Vaults:1 | Reached skill level 10 in Shields
 39531 | Elf:1    | Entered Level 1 of the Elven Halls
 39825 | Elf:1    | Reached skill level 15 in Conjurations
 40816 | Elf:1    | Reached XP level 20. HP: 122/122 MP: 20/37
 41087 | Elf:2    | Identified the +11 shortbow "Plog" {speed, rPois rF+ rC-}
 41670 | Elf:2    | Found a runed translucent gate.
 41671 | Elf:2    | Found a runed translucent gate.
 41671 | Elf:2    | Found a runed translucent gate.
 41735 | Elf:2    | Found Puuph's Weapon Boutique.
 41740 | Elf:2    | Found Ret Sowa's Jewellery Boutique.
 42206 | Elf:2    | Reached skill level 10 in Summonings
 42729 | Depths:1 | Entered Level 1 of the Depths
 44637 | Vaults:2 | Reached skill level 16 in Conjurations
 44902 | Vaults:2 | Paralysed by a great orb of eyes for 3 turns
 45757 | Vaults:3 | Reached XP level 21. HP: 98/127 MP: 33/39
 46179 | Vaults:3 | Learned a level 8 spell: Lehudib's Crystal Spear
 46839 | Vaults:3 | Found Kais's Distillery.
 46842 | Vaults:3 | Bought a potion of heal wounds for 80 gold pieces
 46842 | Vaults:3 | Bought a potion of might for 64 gold pieces
 47025 | Vaults:3 | You are sucked into a shaft and drop 1 floor!
 47025 | Vaults:4 | Found Afiu's Book Shop.
 47025 | Vaults:4 | Found Yxarelux's Weapon Emporium.
 47544 | Vaults:4 | Killed from afar by a tengu reaver

Illustrated notes

Levels and vault maps discovered:
D:1:      zelgadis_glass_arrival_small, layout_loops_ring,
          ebering_ecumenical_altar_ruins, serial_forest,
          infiniplex_forest_clump_large, infiniplex_forest_clump_small,
          infiniplex_forest_lined_room_3, infiniplex_forest_clump_curved,
          infiniplex_forest_end_double, infiniplex_forest_straight_4,
          grunt_decor_resistance, amcnicky_mini_pool_small, nrook_campfire,
          ebering_dispersal_statue_hall
D:2:      layout_basic, basic_altar, minmay_close_crescents
D:3:      layout_basic, fiery_altar_vehumet, serial_bayou, serial_bayou_shore_b,
          serial_bayou_shore_b, serial_bayou_shore_a, serial_bayou_ford_a,
          serial_bayou_pond_b, serial_bayou_pond_e, nrook_loot_triangle
D:4:      layout_rooms, mainiacjoe_overflow_catwalk,
          grunt_dithmenos_smoke_and_mirrors, grunt_temple_overflow_open
D:5:      layout_basic, temple_doors_e
D:6:      layout_gridville, gammafunk_ghost_nasty_kobolds,
          amcnicky_mini_corridor_feature, minmay_misc_feat_diagonals,
          serial_bayou_pond_d, uniq_menkaure
D:7:      layout_basic, nicolae_ashenzari_panopticon
D:8:      layout_loops_ring, mainiacjoe_overflow_six_doors_small, tgw_fedhas,
          okawaru_ov_weapons_minmay
D:9:      layout_long_grid, orc_david_3
D:10:     layout_rooms, mainiacjoe_overflow_tiny_flanked, lair_entry_dummy
D:11:     layout_gridville, enter_trove_0, serial_shops,
          nicolae_shop_advertising_works [nicolae_subvault_shop_adworks],
          nicolae_tso_swordbearing_angel
D:12:     layout_stronghold
D:13:     layout_roguey, hex_tiny, nicolae_stop_n_shop_1,
          lemuel_zombie_altar_yredelemnul
D:14:     layout_basic, david_vaults_2, hellmonk_scale_shop, uniq_snorg,
          uniq_nessos
D:15:     grunt_enter_depths_giant_problem, layout_small_grid,
          minmay_misc_feat_room, serial_shops, nicolae_diamond_shop,
          gammafunk_ghost_necromancy
Lair:1:   layout_regular_city
Lair:2:   layout_regular_city, minmay_shoals_entry_hut,
          spider_nest_entry_funnel_web
Lair:3:   layout_cave_shapes, infiniplex_staircase_pool, grunt_megastairs_1
Lair:4:   layout_roguey, slime_entry_1
Lair:5:   minmay_lair_end_enchanted_forest, layout_cave_pods,
          gauntlet_entry_generic, nicolae_quartered_pool_impasse
Shoals:1: layout_shoals, nicolae_shoals_water_elemental_grotto
Shoals:2: cheibrodos_shoals_oceanic_diplomacy, layout_shoals,
          argonaut_gorgonesque
Shoals:3: layout_shoals, lemuel_altar_in_water, uniq_polyphemus, uniq_donald
Shoals:4: shoals_end_grunt_garden, layout_shoals, uniq_kirke
Spider:1: nicolae_spider_brood_tunnel, uniq_nikola, uniq_aizul, uniq_josephine
Spider:2: layout_spider_delve
Spider:3: layout_spider_delve
Spider:4: hellmonk_spider_rune_endless_swarm
Orc:1:    layout_diamond_mine, mines4_lemuel
Orc:2:    st_orc_mages, layout_caves, basic_altar
Elf:1:    nicolae_elf_arrival_fired_up, layout_loops_corners, evilmike_minifort,
          hangedman_elven_crosses_minicolossus
Elf:2:    nicolae_elf_blades_crystal_corner, layout_rooms, minmay_shop_star
Vaults:1: st_lines, grunt_vaults_trifunnel, ontoclasm_vaults_fault,
          hangedman_vaults_river_flow, nicolae_vaults_big_angled_halls,
          nicolae_vaults_circle_grid_b, hangedman_vaults_variations,
          v_pattern_3, grunt_vaults_funnel, ontoclasm_vaults_chip,
          ontoclasm_vaults_loading_screen, layout_vaults_omnicross,
          serial_shops, shop, uniq_asterion
Vaults:2: nicolae_vaults_hallways_thing, nicolae_vaults_triangles,
          grunt_vaults_focal, v_misc_10, ontoclasm_vaults_chip, v_misc_26,
          v_alt_pattern_2, nicolae_vaults_border_crossing,
          layout_vaults_chaotic_city
Vaults:3: ontoclasm_vaults_decontamination, minmay_crypt_entry_vampire_xt,
          v_misc_17, v_misc_32, nicolae_vaults_alarming, vaults_mumra_hex,
          vaults_dpeg_encased_lava, layout_vaults_omnigrid, serial_shops,
          nicolae_shop_behind_doors
Vaults:4: hangedman_vaults_locks, nicolae_vaults_meeting, v_pattern_4,
          ontoclasm_vaults_twist, v_misc_23, v_alt_pattern_4,
          nicolae_vaults_mini_display_case, v_misc_17, layout_vaults_omnibox,
          serial_shops, shop, shop, nicolae_shop_hallway_plus,
          nicolae_shop_bloodbath_and_beyond, shop, uniq_sojobo
Depths:1: layout_cave_pools, kennysheep_big_empty_room, abyss_entry, hell_entry,
          kennysheep_doodads, grunt_ministairs_13, kennysheep_cross_bottleneck,
          corner_web_ring, serial_sigils_hangedman_writhe,
          hangedman_research_geology, minmay_shop_grove

Skill      XL: |  1  2  3  4  5  6  7  8  9 10 11 12 13 14 15 16 17 18 19 20 21 |
---------------+----------------------------------------------------------------+-----
Fighting       | 1 2 3 4 5 6 7 8 9 10 12 | 12.0
Earth Magic    | 4 5 6 7 9 10 12 13 14 | 14.1
Conjurations   | 1 2 3 4 5 6 7 8 9 11 13 14 15 16 | 16.9
Stealth        | 3 4 5 6 7 8 9 11 12 | 12.0
Fire Magic     | 1 2 4 6 7 |  7.1
Spellcasting   | 3 5 6 7 8 11 12 13 14 | 14.8
Shields        | 3 6 8 11 13 14 | 14.5
Necromancy     | 2 4 5 6 |  6.4
Ice Magic      | 3 4 |  4.7
Long Blades    | 3 5 7 8 10 11 12 | 12.4
Dodging        | 3 6 7 |  7.3
Armour         | 3 6 |  6.8
Air Magic      | 2 |  2.2
Summonings     | 2 6 7 9 10 | 10.0
Transmutations | |  0.7

Action                     |  1- 3 |  4- 6 |  7- 9 | 10-12 | 13-15 | 16-18 | 19-21 || total
---------------------------+-------+-------+-------+-------+-------+-------+-------++-------
  Melee: Unarmed           |    14 |       |       |       |       |       |       ||    14
         Dagger            |       |     1 |    21 |       |       |       |       ||    22
         Long sword        |       |       |     6 |   392 |   799 |   851 |   248 ||  2296
         Falchion          |       |       |       |       |   112 |       |    49 ||   161
         Double sword      |       |       |       |       |       |       |   273 ||   273
  Throw: Javelin           |       |       |       |     3 |     5 |       |       ||     8
   Cast: Sandblast         |    38 |    90 |   139 |    29 |     2 |     6 |       ||   304
         Stone Arrow       |       |     1 |    20 |    22 |    79 |   105 |    58 ||   285
         Inner Flame       |       |     1 |     4 |    12 |       |       |       ||    17
         Ozocubu's Armour  |       |       |     2 |     8 |    23 |    29 |    19 ||    81
         Kiss of Death     |       |       |     1 |       |       |       |     1 ||     2
         Animate Dead      |       |       |       |    11 |    13 |    12 |    18 ||    54
         Fireball          |       |       |       |     2 |    83 |    10 |     7 ||   102
         Borgnjor's Vile C |       |       |       |     3 |    39 |    18 |    56 ||   116
         Freezing Cloud    |       |       |       |       |     9 |   129 |    88 ||   226
         Orb of Destructio |       |       |       |       |     3 |    26 |    17 ||    46
         Spellforged Servi |       |       |       |       |       |    23 |    28 ||    51
         Lehudib's Crystal |       |       |       |       |       |       |     5 ||     5
  Evoke: Wand              |       |       |     1 |       |     7 |     1 |       ||     9
    Use: Potion            |       |       |     1 |       |     8 |     3 |     1 ||    13
         Scroll            |       |       |     8 |    11 |    22 |     9 |    15 ||    65
   Stab: Sleeping          |       |       |     4 |     4 |    14 |    19 |    20 ||    61
         Distracted        |       |       |       |     3 |     6 |     7 |     3 ||    19
         Paralysed         |       |       |       |       |       |       |     1 ||     1
         Confused          |       |       |       |       |       |       |     1 ||     1
 Armour: Robe              |    10 |    22 |    65 |       |       |       |       ||    97
         Steam dragon scal |       |       |     4 |   301 |   742 |   709 |   303 ||  2059
  Dodge: Dodged            |    22 |    27 |    66 |   246 |   594 |   449 |   288 ||  1692
  Block: Buckler           |       |       |       |   178 |   636 |   501 |       ||  1315
         Reflection        |       |       |       |     2 |    18 |    37 |    39 ||    96
         Kite shield       |       |       |       |       |       |    77 |   492 ||   569

Table legend: (Time is in decaauts)
 A = Elapsed time spent in this place.
 B = Non-inter-level travel time spent in this place.
 C = Inter-level travel time spent in this place.
 D = Time resting spent in this place.
 E = Time spent auto-exploring this place.
 F = Levels seen in this place.
 G = Mean time per level.
                   A        B        C        D        E       F      G
               +--------+--------+--------+--------+--------+-----+--------+
         Total |  47669 |  44762 |   2907 |   5956 |  28112 |  38 | 1254.4 |
       Dungeon |  16144 |  14628 |   1516 |   1389 |  10749 |  15 | 1076.3 |
          Lair |   6930 |   6587 |    343 |   1123 |   3936 |   5 | 1386.0 |
        Shoals |   6026 |   5658 |    368 |    322 |   3818 |   4 | 1506.5 |
   Spider Nest |   6648 |   6503 |    145 |   1349 |   3590 |   4 | 1662.0 |
  Orcish Mines |   2556 |   2407 |    149 |    567 |   1033 |   2 | 1278.0 |
   Elven Halls |   3162 |   2847 |    315 |    244 |   1751 |   2 | 1581.0 |
        Vaults |   5011 |   4943 |     68 |    439 |   3166 |   4 | 1252.8 |
        Depths |     26 |     26 |      0 |      0 |      0 |   1 |   26.0 |
      Gauntlet |   1162 |   1162 |      0 |    522 |     68 |   1 | 1162.0 |
               +--------+--------+--------+--------+--------+-----+--------+

Top non-repeatable levels by time:
  Lair:5: 2226 daAuts
Spider:1: 2169 daAuts
    D:14: 2028 daAuts
Spider:4: 1910 daAuts
Shoals:2: 1859 daAuts
  Lair:2: 1758 daAuts
    D:15: 1695 daAuts
   Elf:1: 1688 daAuts
Vaults:1: 1680 daAuts
Vaults:2: 1526 daAuts
Shoals:3: 1490 daAuts
   Elf:2: 1474 daAuts
Spider:2: 1440 daAuts
Shoals:1: 1358 daAuts
Shoals:4: 1317 daAuts
